AoeStats
← Mehrab

Arena

510820969Analyzed
3v3 RM · 21h ago on Oct 2, 2026· 54m 48s· 6 players
Game mode
Random Map
Map size
Normal (6 player)
Population
200
Speed
Normal
Resources
Standard
Victory
Conquest
Starting age
Dark Age
Ending age
Imperial Age
RankedLock teamsTeams togetherTeam positionsShared explorationLock speedFull tech treeHidden civsTurbo modeCheats
Victory
Defeat
🇺🇦 Cumans · Ukraine
1135
+13
🇧🇷 Goths · Brazil
1011
+18
🇦🇷 Berbers · Argentina
986
+19
🇷🇸 Romans · Serbia
1082
-18
🇷🇸 Khmer · Serbia
1046
-16
🇷🇸 Italians · Serbia
1039
-16
Mr_S00R
0:47 Loom
11:29 Feudal Age
12:39 Man-at-Arms
14:26 Double-Bit Axe
14:22 Horse Collar
16:36 Scale Mail Armor
17:27 Forging
24:30 Castle Age
25:32 Chain Mail Armor
24:46 Long Swordsman
26:06 Gold Mining
27:13 Stone Mining
28:13 Heavy Plow
28:26 Bow Saw
28:55 Iron Casting
33:53 Stone Shaft Mining
34:59 Wheelbarrow
34:09 Town Watch
38:40 Imperial Age
36:43 Hand Cart
36:30 Town Patrol
37:12 Ballistics
36:47 Murder Holes
36:33 Treadmill Crane
38:39 Fletching
39:06 Anarchy
40:48 Chemistry
42:50 Crop Rotation
43:22 Two-Man Saw
42:18 Bodkin Arrow
41:55 Two-Handed Swordsman
43:33 Bracer
44:34 Blast Furnace
44:14 Champion
45:36 Perfusion
Mehrab
10:47 Feudal Age
14:52 Castle Age
12:59 Double-Bit Axe
14:11 Horse Collar
17:29 Forging
18:16 Bloodlines
24:35 Scale Barding Armor
26:34 Loom
27:24 Wheelbarrow
28:38 Bow Saw
33:32 Imperial Age
32:12 Iron Casting
31:57 Chain Barding Armor
33:32 Husbandry
34:32 Chain Barding Armor
35:20 Chemistry
33:55 Elite Camel Archer
34:56 Conscription
35:16 Heavy Plow
35:42 Hand Cart
35:13 Town Watch
35:30 Gold Mining
35:40 Fletching
36:38 Bodkin Arrow
36:43 Padded Archer Armor
37:04 Heavy Camel Rider
37:47 Maghrebi Camels
40:51 Blast Furnace
39:52 Bracer
45:43 Ballistics
Alvinangus
9:18 Feudal Age
8:53 Loom
12:37 Wheelbarrow
15:27 Double-Bit Axe
21:57 Castle Age
21:08 Gold Mining
26:26 Imperial Age
24:10 Capped Ram
25:34 Bloodlines
26:07 Scale Barding Armor
27:56 Forging
27:49 Horse Collar
29:28 Town Watch
31:42 Iron Casting
31:30 Chain Barding Armor
33:26 Iron Casting
34:24 Elite Steppe Lancer
35:05 Stone Mining
36:24 Plate Barding Armor
36:20 Hand Cart
36:22 Bow Saw
36:33 Heavy Plow
40:05 Blast Furnace
39:18 Fletching
40:25 Gold Shaft Mining
39:56 Town Patrol
41:14 Guilds
42:33 Two-Man Saw
42:27 Bodkin Arrow
42:50 Steppe Husbandry
43:29 Padded Archer Armor
43:29 Scale Mail Armor
45:44 Conscription
45:36 Cuman Mercenaries
46:12 Hoardings
46:59 Chemistry
46:19 Ballistics
46:09 Masonry
45:55 Murder Holes
46:44 Hoardings
47:22 Leather Archer Armor
47:46 Squires
47:31 Arson
50:45 Cuman Mercenaries
51:41 Cavalier
Mr. Peacemaker
11:42 Feudal Age
14:27 Castle Age
12:55 Double-Bit Axe
13:39 Horse Collar
16:17 Bow Saw
20:58 Heavy Plow
22:28 Wheelbarrow
24:10 Masonry
24:00 Loom
26:20 Gold Mining
26:21 Stone Mining
26:57 Hand Cart
27:39 Fortified Wall
27:51 Ballistics
28:55 Forging
31:57 Imperial Age
29:40 Fletching
29:55 Pikeman
31:45 Scale Mail Armor
32:10 Bodkin Arrow
33:43 Chemistry
33:06 Town Watch
32:51 Heavy Scorpion
34:27 Crop Rotation
34:20 Conscription
35:46 Siege Engineers
36:32 Bracer
37:08 Iron Casting
36:50 Chain Mail Armor
36:14 Halberdier
38:04 Double Crossbow
38:40 Husbandry
38:51 Bloodlines
44:54 Scale Barding Armor
45:49 Blast Furnace
Sasa - NS
11:59 Feudal Age
16:05 Castle Age
14:21 Double-Bit Axe
14:20 Horse Collar
15:00 Stone Mining
17:14 Wheelbarrow
24:33 Loom
29:32 Gold Mining
29:49 Heavy Plow
31:24 Hand Cart
33:37 Town Watch
35:01 Gold Shaft Mining
35:26 Town Patrol
36:49 Ballistics
37:20 Ballistas
39:47 Imperial Age
37:38 Murder Holes
38:04 Pikeman
40:30 Heavy Scorpion
41:50 Crop Rotation
41:53 Siege Engineers
42:49 Chemistry
42:06 Squires
marko0311
11:46 Feudal Age
14:06 Horse Collar
16:31 Castle Age
15:46 Double-Bit Axe
15:24 Man-at-Arms
19:12 Scale Mail Armor
18:58 Long Swordsman
28:37 Wheelbarrow
30:33 Imperial Age
28:23 Masonry
28:09 Murder Holes
29:58 Husbandry
30:09 Bloodlines
30:03 Padded Archer Armor
32:39 Chemistry
31:52 Fortified Wall
32:16 Architecture
33:02 Gold Mining
34:15 Fletching
41:19 Leather Archer Armor
42:36 Ring Archer Armor
43:22 Ballistics
43:57 Conscription
43:39 Bodkin Arrow
44:27 Bracer
45:31 Wheelbarrow
44:43 Loom
45:56 Elite Genoese Crossbowman
50:08 Squires
49:55 Arson
49:49 Pikeman
51:55 Chain Mail Armor
Connection lost

Rejoining the realm…

Still unreachable

The connection could not be restored.

Session expired

The server has moved on; the page needs a fresh start.